[Event "*** Titled Tuesday Blitz"]
[Site "Chess.com"]
[Date "2020.05.05"]
[Round "9"]
[White "Gubajdullin"]
[Black "Matibar"]
[Result "1-0"]
[WhiteElo "2585"]
[BlackElo "2787"]
[TimeControl "180+1"]
[EndTime "11:46:05 PDT"]
[Termination "Gubajdullin won by resignation"]

1. d4 Nf6 2. Bf4 b6 3. e3 Bb7 4.
Nf3 Nh5 5. Bg5 h6 6. Bh4 g5 7. Nfd2 Ng7 8. Bg3 h5 9. h4 g4 10. e4 d5 11. Nc3 dxe4 12. Ndxe4 Nf5 13. d5 Nxg3 14. fxg3 Qd7 15. Qd4 Rg8 16. O-O-O Bg7 17.
Qe3 a6 18. Bc4 b5 19. Bb3 Qd8 20. d6 e6 21. Rhf1 b4 22. dxc7 Qxc7 23. Nd6+ Qxd6 24.
Rxd6 bxc3 1-0

[Event "*** Titled Tuesday Blitz"]
[Site "Chess.com"]
[Date "2020.05.05"]
[Round "9"]
[White "Gareth-Bale11"]
[Black "MaxVavulin"]
[Result "0-1"]
[WhiteElo "2724"]
[BlackElo "2621"]
[TimeControl "180+1"]
[EndTime "11:46:07 PDT"]
[Termination "MaxVavulin won by resignation"]

1. d4 Nf6 2. c4 e6 3. Nf3 b6 4.
a3 Bb7 5. Nc3 d5 6. Bg5 Be7 7. e3 O-O 8. Rc1 c5 9. dxc5 bxc5 10.
cxd5 exd5 11. Be2 Nbd7 12. O-O Rc8 13. Qa4 Qb6 14. Qc2 h6 15. Bh4 Rfe8 16. Rfd1 Bf8 17. Na4 Qa5 18. Nc3 Ba8 19. Qb1 Qb6 20. h3 Qb7 21. Rd2 d4 22. Nd1 Ne4 23. Rdc2 g5 24. Bg3 dxe3 25. Bh2 exf2+ 26. Nxf2 Nxf2 27. Kxf2 Qe4 28. Rd2 Qe3+ 29. Kf1 Bxf3 0-1

[Event "*** Titled Tuesday Blitz"]
[Site "Chess.com"]
[Date "2020.05.05"]
[Round "9"]
[White "Enriquack"]
[Black "Belka1989"]
[Result "1-0"]
[WhiteElo "2247"]
[BlackElo "2088"]
[TimeControl "180+1"]
[EndTime "11:46:10 PDT"]
[Termination "Enriquack won by checkmate"]

1. e4 e5 2. Nf3 Nc6 3. Bb5 a6 4.
Ba4 f5 5. d3 Nf6 6. O-O Bc5 7.
exf5 d6 8. d4 exd4 9. Re1+ Kf8 10. Bxc6 bxc6 11. Nxd4 Bxd4 12. Qxd4 Bxf5 13. Nc3 c5 14. Qf4 Bxc2 15. b3 Bg6 16. Bb2 c6 17.
Rad1 d5 18. Ba3 Qa5 19. Qd6+ Kg8 20. Qxc6 Rf8 21. Nxd5 Nxd5 22. Qxd5+ Bf7 23. Qxc5 Qxc5 24.
Bxc5 Rc8 25. b4 a5 26. a3 axb4 27. axb4 h6 28. Re7 Bh5 29. Rdd7 Rxc5 30. Rxg7+ Kf8 31.
bxc5 Be8 32. Ra7 h5 33. h4 Rh6 34. Rg5 Rc6 35. f3 Rc8 36. g4 hxg4 37. fxg4 Rd8 38.
h5 Rd1+ 39. Kf2 Rd2+ 40. Ke3 Rh2 41. Rf5+ Kg8 42. Rf2 Rh3+ 43. Kf4 Rb3 44. Rc2 Rb4+ 45. Kg5 Re4 46. c6 Re5+ 47. Kf4 Re6 48. c7 Bd7 49. c8=Q+ Bxc8 50. Rxc8+ Re8 51. Rxe8# 1-0

[Event "*** Titled Tuesday Blitz"]
[Site "Chess.com"]
[Date "2020.05.05"]
[Round "9"]
[White "youngKID"]
[Black "stoleriu"]
[Result "1-0"]
[WhiteElo "2779"]
[BlackElo "2560"]
[TimeControl "180+1"]
[EndTime "11:46:12 PDT"]
[Termination "youngKID won by resignation"]

1. Nf3 Nf6 2. b3 b6 3. g3 Bb7 4. Bg2 g6 5. Bb2 Bg7 6. O-O O-O 7. c4 c5 8. d4 cxd4 9. Qxd4 Nc6 10. Qc3 Rc8 11.
Rd1 Qc7 12. Qe1 Rfd8 13. Nc3 d6 14. Rac1 a6 15. Nd5 Nxd5 16. cxd5 Bxb2 17. dxc6 Bxc1 18. cxb7 Qxb7 19. Rxc1 Rxc1 20. Qxc1 Rc8 21. Qh6 f6 22. Qe3 Qc7 23. Qe6+ Kg7 24. h4 Qc1+ 25. Kh2 Rc7 26. Nd4 Qc5 27. e3 Kf8 28. Bd5 1-0

[Event "*** Titled Tuesday Blitz"]
[Site "Chess.com"]
[Date "2020.05.05"]
[Round "9"]
[White "Gulkov_Igor"]
[Black "VNeimer"]
[Result "1-0"]
[WhiteElo "2449"]
[BlackElo "2522"]
[TimeControl "180+1"]
[EndTime "11:46:14 PDT"]
[Termination "Gulkov_Igor won by resignation"]

1. Nf3 c5 2. c4 Nc6 3. d4 cxd4 4. Nxd4 g6 5. e4 Bg7 6. Be3 Qa5+ 7. Nc3 Nf6 8. f3 O-O 9. Nb3 Qc7 10. Qd2 a6 11. Rc1 e6 12. c5 Na5 13. Nxa5 Qxa5 14. Be2 Rd8 15. e5 Ne8 16. f4 f6 17. exf6 Bxf6 18.
O-O d5 19. Bd4 Bd7 20. Bxf6 Nxf6 21. Qd4 Rf8 22. b4 Qc7 23. g3 Rae8 24. Bf3 Bc6 25. Rfe1 Qg7 26. Rcd1 g5 27. fxg5 Qxg5 28. Re5 Qg6 29.
Qe3 h6 30. Rd4 Qc2 31. Qxh6 Nh7 32. Rg4+ 1-0

[Event "*** Titled Tuesday Blitz"]
[Site "Chess.com"]
[Date "2020.05.05"]
[Round "9"]
[White "DaggiGretarsson"]
[Black "icychess54"]
[Result "1-0"]
[WhiteElo "2520"]
[BlackElo "2314"]
[TimeControl "180+1"]
[EndTime "11:46:15 PDT"]
[Termination "DaggiGretarsson won by resignation"]

1. d4 d5 2. c4 c6 3. Nc3 Nf6 4. e3 e6 5. g4 Nbd7 6. g5 Ne4 7.
Nxe4 dxe4 8. Bg2 Qxg5 9. Bxe4 e5 10. Nf3 Bb4+ 11. Bd2 Bxd2+ 12. Qxd2 Qg4 13. Qd3 Nf6 14. Nd2 Nxe4 15. Qxe4 Qxe4 16. Nxe4 exd4 17. exd4 O-O 18. Kd2 Be6 19. Nd6 b6 20. Kc3 Rfd8 21. c5 bxc5 22. dxc5 Rab8 23. b4 a5 24. bxa5 Ra8 25. a4 Rxa5 26.
Nb7 1-0

[Event "*** Titled Tuesday Blitz"]
[Site "Chess.com"]
[Date "2020.05.05"]
[Round "9"]
[White "Savagelittlemole"]
[Black "TheFireChess"]
[Result "1-0"]
[WhiteElo "2577"]
[BlackElo "2452"]
[TimeControl "180+1"]
[EndTime "11:46:20 PDT"]
[Termination "Savagelittlemole won by resignation"]

1. e4 c6 2. d4 d5 3. e5 c5 4. dxc5 Nc6 5. Bb5 a6 6. Bxc6+ bxc6 7. c3 a5 8. Be3 Nh6 9. Bxh6 gxh6 10. Nf3 Rg8 11.
Nbd2 Rxg2 12. Qc2 Rg6 13. O-O-O e6 14. Ne4 Be7 15. Nd6+ Kf8 16. Kb1 a4 17. Rhg1 a3 18. b3 Ba6 19. Nd4 Rc8 20. Rxg6 hxg6 21. Rg1 Bxd6 22. exd6 Qh4 23. Qd2 Qxh2 24. Re1 Kg7 25. Qe3 Re8 26. Nxc6 Bc8 27. Qe5+ f6 28. Qxh2 1-0

[Event "*** Titled Tuesday Blitz"]
[Site "Chess.com"]
[Date "2020.05.05"]
[Round "9"]
[White "Leonid_Starozhilov"]
[Black "RestartingChess"]
[Result "1-0"]
[WhiteElo "2649"]
[BlackElo "2509"]
[TimeControl "180+1"]
[EndTime "11:46:23 PDT"]
[Termination "Leonid_Starozhilov won by checkmate"]

1. b3 Nf6 2. Bb2 g6 3. c4 Bg7 4. g3 O-O 5. Bg2 d5 6. cxd5 Nxd5 7. Bxg7 Kxg7 8. h4 h5 9. Nf3 Nc6 10. Qc1 Bg4 11. Nc3 a6 12. O-O Nf6 13. Qb2 e5 14. Ng5 Qd7 15. d3 Rae8 16. Rac1 Nh7 17. Nce4 Nd4 18. Nxh7 Nxe2+ 19. Kh2 Nxc1 20. Rxc1 Rh8 21.
Nhf6 Qxd3 22. Nxe8+ Rxe8 23. Rxc7 Be6 24. Ng5 Kf6 25. Rxb7 Rc8 26. Qa3 Rc2 27. Qe7+ Kf5 28. Bh3# 1-0

[Event "*** Titled Tuesday Blitz"]
[Site "Chess.com"]
[Date "2020.05.05"]
[Round "9"]
[White "MrTattaglia"]
[Black "mrkvoz"]
[Result "1/2-1/2"]
[WhiteElo "2955"]
[BlackElo "2834"]
[TimeControl "180+1"]
[EndTime "11:46:26 PDT"]
[Termination "Game drawn by agreement"]

1. Nf3 d6 2. d4 g6 3. g3 Bg7 4. b3 c5 5. Bb2 Nc6 6. c3 cxd4 7. cxd4 d5 8. Bg2 Nf6 9. O-O O-O 10. Nc3 Ne4 11.
Nxe4 dxe4 12. Ne5 Nxe5 13. dxe5 Bf5 14. Qd4 Qxd4 15. Bxd4 Rfc8 16. Rac1 a6 17. h3 h5 18. Rfd1 Bh6 19. e3 Bg7 20. Re1 b5 21. g4 hxg4 22.
hxg4 Bxg4 23. Bxe4 Rxc1 24. Rxc1 Rc8 25. Rc6 Rxc6 26.
Bxc6 Bc8 27. f4 f6 28. exf6 Bxf6 29. Bc5 e5 30. Bd5+ Kg7 31. Kf2 exf4 32. exf4 Bd7 33. Bb6 Bc8 34. Ke3 g5 35. fxg5 Bxg5+ 36. Ke4 Bf6 37. Bd4 a5 38. Bc6 Bxd4 39. Kxd4 b4 40.
Be4 Bd7 41. Kc5 Kf6 1/2-1/2

[Event "*** Titled Tuesday Blitz"]
[Site "Chess.com"]
[Date "2020.05.05"]
[Round "9"]
[White "Duhless"]
[Black "Zkid"]
[Result "1-0"]
[WhiteElo "3085"]
[BlackElo "2838"]
[TimeControl "180+1"]
[EndTime "11:46:29 PDT"]
[Termination "Duhless won by resignation"]

1. d4 d5 2. c4 dxc4 3. e4 Nf6 4. e5 Nd5 5. Bxc4 Nc6 6. Nf3 Bf5 7. O-O Nb6 8. Be2 e6 9. Nc3 Qd7 10. Be3 O-O-O 11.
Rc1 Kb8 12. a3 f6 13. b4 fxe5 14. b5 Nxd4 15. Nxe5 Nxe2+ 16. Qxe2 Qe8 17. a4 Bd6 18. Bg5 Rc8 19. a5 Nd5 20. a6 b6 21. Rfd1 h6 22. Bh4 g5 23. Bg3 Ka8 24. Qf3 g4 25. Nxg4 Bxg4 26.
Qxg4 Bxg3 27. hxg3 Nxc3 28. Rxc3 Qxb5 29. Qf3+ c6 30. Rd7 Rhd8 31. Rxc6 1-0

[Event "*** Titled Tuesday Blitz"]
[Site "Chess.com"]
[Date "2020.05.05"]
[Round "9"]
[White "ItsCheckM8Mate"]
[Black "Lion-Al-Messi"]
[Result "0-1"]
[WhiteElo "2266"]
[BlackElo "2429"]
[TimeControl "180+1"]
[EndTime "11:46:29 PDT"]
[Termination "Lion-Al-Messi won by resignation"]

1. e4 b6 2. d4 Bb7 3. Nc3 e6 4. a3 Nf6 5. Bd3 d5 6. exd5 exd5 7. Nf3 Bd6 8. O-O O-O 9. Re1 Nc6 10. Bg5 h6 11. Bxf6 Qxf6 12. Nxd5 Qd8 13. Ne3 Ne7 14.
c3 c5 15. Bc2 Qc7 16. Qd3 Ng6 17. dxc5 Bxc5 18. Qf5 Rad8 19. Bb3 Kh8 20. Rad1 Nf4 21. Bc2 g6 22. Qf6+ Kg8 23. Rxd8 Rxd8 24. Ne5 Bxe3 25.
fxe3 Rd2 26. exf4 Qc5+ 0-1

[Event "*** Titled Tuesday Blitz"]
[Site "Chess.com"]
[Date "2020.05.05"]
[Round "9"]
[White "TheBigBoss04"]
[Black "ALeks_Ivlev"]
[Result "1-0"]
[WhiteElo "2721"]
[BlackElo "2590"]
[TimeControl "180+1"]
[EndTime "11:46:30 PDT"]
[Termination "TheBigBoss04 won by resignation"]

1. d4 c5 2. d5 e5 3. e4 d6 4. Nc3 Nf6 5. Bb5+ Nbd7 6. a4 Be7 7. Nf3 O-O 8. O-O Ne8 9. Nd2 g6 10. Be2 Ng7 11. Nc4 a6 12. a5 f5 13. exf5 gxf5 14. f4 e4 15. Be3 Rb8 16. Kh1 Nf6 17.
Qd2 Bd7 18. h3 Nfh5 19. Kh2 Rf6 20. g4 fxg4 21. hxg4 Rh6 22. Kg2 Rg6 23. g5 Nf5 24. Bxh5 Rg7 25. Nxe4 Kh8 26. Kf2 Qf8 27. Qc3 Re8 28.
Rae1 Nxe3 29. Kxe3 Qf5 30. Bxe8 Bxe8 31. Nexd6 Qh3+ 32. Rf3 1-0

[Event "*** Titled Tuesday Blitz"]
[Site "Chess.com"]
[Date "2020.05.05"]
[Round "9"]
[White "Margarita2907"]
[Black "AlanZhang"]
[Result "1-0"]
[WhiteElo "1998"]
[BlackElo "2158"]
[TimeControl "180+1"]
[EndTime "11:46:30 PDT"]
[Termination "Margarita2907 won by checkmate"]

1. d4 Nf6 2. Nf3 d5 3. e3 e6 4. Bd3 Be7 5. O-O O-O 6. b3 b6 7.
Nbd2 Bb7 8. Bb2 Nbd7 9. Qe2 c5 10. c4 Ne4 11. Ne5 Nxe5 12. dxe5 Nxd2 13. Qxd2 dxc4 14. bxc4 Qc7 15. Qe2 Rfd8 16. f4 Rd7 17. Rad1 Rad8 18. f5 Qc6 19. f6 Bf8 20. Bc2 g6 21. Rxd7 Rxd7 22. h4 Bh6 23. Rf3 a6 24. Rh3 b5 25.
h5 gxh5 26. Rg3+ Kf8 27. Qxh5 Bxe3+ 28. Kh1 h6 29. Bh7 Bg5 30. Qxh6+ Bxh6 31. Rg8# 1-0

[Event "*** Titled Tuesday Blitz"]
[Site "Chess.com"]
[Date "2020.05.05"]
[Round "9"]
[White "PowerThinking2650"]
[Black "MartinMatthiesen"]
[Result "1-0"]
[WhiteElo "2290"]
[BlackElo "2430"]
[TimeControl "180+1"]
[EndTime "11:46:31 PDT"]
[Termination "PowerThinking2650 won by resignation"]

1. e4 c5 2. Nf3 d6 3. d4 cxd4 4. Nxd4 Nf6 5. Nc3 a6 6. Be3 e5 7.
Nb3 Be7 8. f3 Be6 9. Qd2 h5 10.
Nd5 Nxd5 11. exd5 Bf5 12. c4 Nd7 13. Na5 Qc8 14. Be2 O-O 15. O-O Bd8 16. b4 Bxa5 17.
bxa5 Nc5 18. g4 hxg4 19. fxg4 Bxg4 20. Kh1 Ne4 21. Qc2 Bxe2 22. Qxe2 f5 23. Rg1 Qe8 24. Rab1 Rf7 25. Rg6 Rc7 26. Rbg1 f4 27. Bb6 Rxc4 28. Qxc4 Ng3+ 29. R6xg3 fxg3 30. Rxg3 Rc8 31. Qg4 Rc1+ 32.
Kg2 Rc2+ 33. Kh3 Qf7 34. Qe6 Rxa2 35. Rf3 Qxe6+ 36. dxe6 1-0

[Event "*** Titled Tuesday Blitz"]
[Site "Chess.com"]
[Date "2020.05.05"]
[Round "9"]
[White "RaunakSadhwani2005"]
[Black "Lubov_Gordyk"]
[Result "1-0"]
[WhiteElo "2863"]
[BlackElo "2634"]
[TimeControl "180+1"]
[EndTime "11:46:33 PDT"]
[Termination "RaunakSadhwani2005 won by resignation"]

1. e4 g6 2. d4 Bg7 3. Nf3 d6 4.
Bc4 e6 5. O-O Ne7 6. Bb3 h6 7.
Qe2 a6 8. c4 Nd7 9. Nc3 b6 10.
Bc2 Bb7 11. h4 e5 12. dxe5 Nxe5 13. Nxe5 Bxe5 14. f4 Bd4+ 15. Be3 Bxe3+ 16. Qxe3 Qd7 17. b4 Qg4 18. Qf2 O-O 19. Rae1 Rae8 20. Re3 Qe6 21. f5 Qe5 22. Bb3 Nxf5 23. Rf3 Bxe4 24. Re1 Qd4 25. Qxd4 Nxd4 26. Nxe4 Nxf3+ 27. gxf3 Kg7 28. Kf2 f5 29. Nc3 Rxe1 30. Kxe1 c6 31. Kf2 Kf6 32. a4 Ke5 33. Ne2 f4 34. Bc2 g5 35. h5 d5 36. cxd5 cxd5 37.
Bd3 a5 38. bxa5 bxa5 39. Ke1 Rb8 40. Bb5 Rc8 41. Kd2 g4 42. fxg4 f3 43. Nc1 Kf4 44.
Nd3+ Kxg4 45. Bd7+ Kxh5 46. Bxc8 Kh4 47. Bb7 Kg3 48.
Bxd5 h5 49. Ke3 1-0

[Event "*** Titled Tuesday Blitz"]
[Site "Chess.com"]
[Date "2020.05.05"]
[Round "9"]
[White "Gyapiking"]
[Black "eljanov"]
[Result "1-0"]
[WhiteElo "2505"]
[BlackElo "2896"]
[TimeControl "180+1"]
[EndTime "11:46:33 PDT"]
[Termination "Gyapiking won by resignation"]

1. c4 Nf6 2. g3 c6 3. Nf3 d5 4. Bg2 Bg4 5. Ne5 Be6 6. cxd5 Bxd5 7. Nf3 c5 8. O-O e6 9. Nc3 Bc6 10. Re1 Nbd7 11. e4 e5 12. d3 Be7 13. a4 O-O 14.
Nd2 Re8 15. Nc4 Bf8 16. f4 b6 17. f5 Nb8 18. g4 h6 19. h4 Nh7 20. g5 hxg5 21. hxg5 Nxg5 22. Qh5 Qxd3 23. Bxg5 Qxc4 24. Re3 f6 25. Bxf6 gxf6 26. Rg3+ Bg7 27. Nd5 Qd4+ 28. Kh1 Bxd5 29. Qxe8+ Kh7 30. Qg6+ 1-0

[Event "*** Titled Tuesday Blitz"]
[Site "Chess.com"]
[Date "2020.05.05"]
[Round "9"]
[White "Djager97"]
[Black "jguerramzllo"]
[Result "1/2-1/2"]
[WhiteElo "2480"]
[BlackElo "2606"]
[TimeControl "180+1"]
[EndTime "11:46:35 PDT"]
[Termination "Game drawn by repetition"]

1. e4 e5 2. Nf3 Nc6 3. d4 exd4 4. Nxd4 Nf6 5. Nc3 Bb4 6. Nxc6 bxc6 7. Bd3 O-O 8. O-O d5 9. Bd2 Rb8 10. h3 Re8 11.
exd5 cxd5 12. Rb1 c6 13. Qf3 Be6 14. Bg5 Be7 15. Rfe1 h6 16. Bh4 Rb4 17. Bg3 Qa5 18. a3 Rb7 19. Be5 Nd7 20. Bxg7 Kxg7 21. Qg3+ Kh8 22.
Rxe6 fxe6 23. Qg6 Nf6 24. Qxh6+ Kg8 25. Qg6+ Kf8 26. Qh6+ Kg8 27. Qg6+ Kh8 28. Qh6+ Kg8 1/2-1/2

[Event "*** Titled Tuesday Blitz"]
[Site "Chess.com"]
[Date "2020.05.05"]
[Round "9"]
[White "cassoulet"]
[Black "Onischuk_V"]
[Result "0-1"]
[WhiteElo "2604"]
[BlackElo "2761"]
[TimeControl "180+1"]
[EndTime "11:46:36 PDT"]
[Termination "Onischuk_V won by resignation"]

1. e4 e5 2. Nf3 Nc6 3. Bb5 Nf6 4. O-O Nxe4 5. d4 Nd6 6. dxe5 Nxb5 7. a4 Nbd4 8. Nxd4 d5 9. Nc3 Nxd4 10. Qxd4 c6 11. a5 Be7 12. f4 Bf5 13. Be3 Qd7 14. Rf2 O-O 15. Na4 b6 16. b3 c5 17. Qd1 d4 18.
Bd2 b5 19. Nb2 Qd5 20. Nd3 c4 21. bxc4 bxc4 22. Ne1 Bc5 23. Rf1 c3 24. Be3 d3 25.
Bxc5 Qxc5+ 26. Kh1 d2 27. Nf3 Rfd8 28. Nh4 Be4 29. e6 fxe6 30. Qg4 Bxc2 31. f5 exf5 32. Qg3 d1=Q 33. Raxd1 Rxd1 34. Rxd1 Bxd1 35. Nxf5 Qxf5 0-1

[Event "*** Titled Tuesday Blitz"]
[Site "Chess.com"]
[Date "2020.05.05"]
[Round "9"]
[White "Arjun2002"]
[Black "cukus"]
[Result "0-1"]
[WhiteElo "2632"]
[BlackElo "2520"]
[TimeControl "180+1"]
[EndTime "11:46:36 PDT"]
[Termination "cukus won by resignation"]

1. e4 c6 2. d4 d5 3. e5 Bf5 4. h4 h6 5. g4 Bd7 6. h5 c5 7. c3 Nc6 8. f4 cxd4 9. cxd4 Qb6 10. Nf3 Bxg4 11. Be3 e6 12. Nbd2 Nge7 13. Qb3 Nf5 14. Bf2 Bb4 15. Be2 Bxf3 16. Bxf3 Nfxd4 17. Bxd4 Bxd2+ 18. Kxd2 Qxd4+ 19. Kc2 Qxf4 20. Qxb7 O-O 21. Raf1 Rab8 22. Qd7 Nxe5 23. Qd6 Rxb2+ 0-1

[Event "*** Titled Tuesday Blitz"]
[Site "Chess.com"]
[Date "2020.05.05"]
[Round "9"]
[White "HrvojeZagreb"]
[Black "Charlottemillard17"]
[Result "0-1"]
[WhiteElo "2098"]
[BlackElo "1444"]
[TimeControl "180+1"]
[EndTime "11:46:36 PDT"]
[Termination "Charlottemillard17 won by resignation"]

1. d4 d5 2. Bf4 Nf6 3. e3 e6 4.
Nf3 Be7 5. Bd3 O-O 6. Nbd2 c6 7. c3 Nbd7 8. Ne5 Re8 9. g4 Nxe5 10. dxe5 Nd7 11. Nf3 f6 12. Qc2 h6 13. h4 fxe5 14. Nxe5 Nxe5 15. Bxe5 Bxh4 16. O-O-O Bf6 17. Bf4 e5 18.
Bxh6 gxh6 19. Rxh6 Bg7 20. Bh7+ Kf8 21. Rh5 Bxg4 22.
Qg6 Bxh5 23. Qxh5 Qf6 24. Rg1 Re7 25. Rg5 Rf7 26. Bg6 Qxf2 27. Bxf7 Qe1+ 28. Kc2 Qf2+ 29. Kb3 Qxf7 30. Rf5 Bf6 31. Qh8+ Bxh8 32. Rxf7+ Kxf7 33. c4 dxc4+ 34. Kxc4 Ke6 35. b4 Kd6 36. a4 Rf8 37.
Kd3 Rf3 38. Ke4 Rh3 39. a5 Rh4+ 40. Kd3 Rxb4 41. Kc3 Rb5 42. Kd3 Rxa5 43. Ke2 Ra3 0-1

[Event "*** Titled Tuesday Blitz"]
[Site "Chess.com"]
[Date "2020.05.05"]
[Round "9"]
[White "francyIM"]
[Black "TudorAnton"]
[Result "1-0"]
[WhiteElo "2637"]
[BlackElo "2494"]
[TimeControl "180+1"]
[EndTime "11:46:41 PDT"]
[Termination "francyIM won by resignation"]

1. d4 Nf6 2. c4 e6 3. Nc3 Bb4 4. g3 c5 5. Nf3 Qb6 6. Bg2 cxd4 7.
Nxd4 Nc6 8. Nb5 O-O 9. O-O a6 10. Be3 Qd8 11. Nd6 Qe7 12. Nde4 Nxe4 13. Nxe4 f5 14.
Bg5 Qf7 15. Nd6 Qg6 16. Be3 e5 17. Qd5+ Kh8 18. c5 f4 19. a3 Ba5 20. b4 Bc7 21. Bd2 Bxd6 22. cxd6 b5 23. Bc3 Bb7 24. Bxe5 Nxe5 25.
Qxb7 Qxd6 26. Rad1 Qf6 27. Rd5 Rac8 28. Rd4 fxg3 29.
hxg3 Nf3+ 30. Bxf3 Qxd4 31. Qxa6 Qe5 32. Rd1 Rc7 33. Kg2 h6 34. Rd5 Qb2 35. Rxb5 Rc2 36. Rb7 Rxf3 37. Kxf3 Qb3+ 38. Qd3 Rc3 39. Rb8+ 1-0

[Event "*** Titled Tuesday Blitz"]
[Site "Chess.com"]
[Date "2020.05.05"]
[Round "9"]
[White "Kimster98"]
[Black "Semen16"]
[Result "1/2-1/2"]
[WhiteElo "2523"]
[BlackElo "2347"]
[TimeControl "180+1"]
[EndTime "11:46:41 PDT"]
[Termination "Game drawn by repetition"]

1. d4 d5 2. Bf4 Nf6 3. e3 c5 4. c3 Nc6 5. Nd2 Bf5 6. Ngf3 e6 7. Qb3 Qb6 8. Qxb6 axb6 9. Bb5 Nd7 10. Ne5 Ndxe5 11. Bxe5 Kd7 12. f3 Bg6 13. Kf2 f6 14. Bg3 Bd6 15. Bxd6 Kxd6 16. a4 e5 17. dxc5+ bxc5 18. e4 dxe4 19. Nxe4+ Bxe4 20. fxe4 Rhd8 21. Rhd1+ Kc7 22.
Ke2 Ne7 23. Rxd8 Rxd8 24. Rd1 Rxd1 25. Kxd1 Nc8 26. b4 Nd6 27. Bd3 Kb6 28. Ke2 Kc6 29. Ke3 b6 30. Kf3 g6 31. g4 g5 32. Ke3 h6 33.
Kd2 Kc7 34. Ke3 Kc6 35. Kd2 Kc7 36. Kc1 Kc6 37. Kb2 Kc7 38. Ka3 Kc6 39. Ka2 Kc7 40.
Kb2 Kc6 41. Ka3 Kc7 42. h3 Kc6 43. Kb2 Kc7 44. Ka3 Kc6 45. Kb2 Kc7 46. Ka2 Kb7 47.
Ka3 Kc6 1/2-1/2

[Event "*** Titled Tuesday Blitz"]
[Site "Chess.com"]
[Date "2020.05.05"]
[Round "9"]
[White "Loiacono_Antonio"]
[Black "Hasangatin_Ramil"]
[Result "1-0"]
[WhiteElo "2380"]
[BlackElo "2505"]
[TimeControl "180+1"]
[EndTime "11:46:41 PDT"]
[Termination "Loiacono_Antonio won on time"]

1. e4 d5 2. exd5 Qxd5 3. Nc3 Qd6 4. d4 Nf6 5. Nge2 c6 6. Bf4 Qd8 7. Qd2 Bf5 8. f3 e6 9. O-O-O Nbd7 10. g4 Bg6 11. h4 h5 12. Bg3 hxg4 13. Nf4 Bf5 14. Bc4 gxf3 15. Rhe1 Be7 16. Bxe6 fxe6 17. Nxe6 Bxe6 18.
Rxe6 Nf8 19. Re3 Ng6 20. Rde1 O-O 21. Qd3 f2 22. Bxf2 Nf4 23. Qc4+ N6d5 24. Rxe7 b5 25. Qb3 Ng2 26. Nxd5 Qxd5 27. Qg3 Rf7 28. Rxf7 Kxf7 29. Rg1 1-0

[Event "*** Titled Tuesday Blitz"]
[Site "Chess.com"]
[Date "2020.05.05"]
[Round "9"]
[White "NotFischer"]
[Black "Richarzard69"]
[Result "0-1"]
[WhiteElo "2159"]
[BlackElo "2319"]
[TimeControl "180+1"]
[EndTime "11:46:42 PDT"]
[Termination "Richarzard69 won by checkmate"]

1. d4 d5 2. Nf3 Nf6 3. g3 Bf5 4. Bg2 e6 5. O-O Be7 6. c4 c6 7.
Nc3 h6 8. b3 O-O 9. Bb2 Nbd7 10.
Rc1 Ne4 11. Ne5 Nxc3 12. Rxc3 Nxe5 13. dxe5 Qa5 14. cxd5 cxd5 15. Qa1 Bb4 16. Rcc1 Rfc8 17. a3 Be7 18. b4 Qa4 19. Rxc8+ Rxc8 20. Rc1 Rc2 21. Rxc2 Qxc2 22. Bf1 Kf8 23. Bd4 b6 24. b5 Bc5 25. a4 g5 26. h3 Bxd4 27. Qxd4 Qc1 28. a5 Bxh3 29. Kh2 Qxf1 30. axb6 Qg2# 0-1

[Event "*** Titled Tuesday Blitz"]
[Site "Chess.com"]
[Date "2020.05.05"]
[Round "9"]
[White "xamax2000"]
[Black "Arek_pacitan"]
[Result "1-0"]
[WhiteElo "2712"]
[BlackElo "2569"]
[TimeControl "180+1"]
[EndTime "11:46:43 PDT"]
[Termination "xamax2000 won by resignation"]

1. e4 c5 2. Nf3 e6 3. d4 cxd4 4. Nxd4 a6 5. Qd3 Nf6 6. Be2 Qc7 7.
O-O Nc6 8. Nxc6 dxc6 9. Nc3 Be7 10. f4 O-O 11. e5 Nd5 12. Ne4 b5 13. Qh3 c5 14.
Bd3 g6 15. c3 Bb7 16. Bc2 Rad8 17. Bd2 Rfe8 18. Rae1 Nb6 19. Bc1 b4 20. Re3 a5 21.
Qh6 Bxe4 22. Rh3 Bg5 23. Qxh7+ Kf8 24. fxg5 Bf5 25. g4 Qxe5 26. gxf5 exf5 27. Bf4 Qd5 28.
Qh8+ Ke7 29. Qf6+ Kd7 30. Rd1 Qxd1+ 31. Bxd1 Re1+ 32. Kf2 Rxd1 33. Qxb6 Re8 34. Qc7+ Ke6 35. Re3+ 1-0

[Event "*** Titled Tuesday Blitz"]
[Site "Chess.com"]
[Date "2020.05.05"]
[Round "9"]
[White "politeplayer"]
[Black "MFguimaraes"]
[Result "0-1"]
[WhiteElo "2232"]
[BlackElo "2411"]
[TimeControl "180+1"]
[EndTime "11:46:44 PDT"]
[Termination "MFguimaraes won by resignation"]

1. e4 e5 2. Nc3 Nf6 3. Bc4 Nxe4 4. Qh5 Nd6 5. Qxe5+ Qe7 6. Qxe7+ Bxe7 7. Bb3 b6 8.
d4 Bb7 9. Nf3 Bxf3 10. gxf3 Nc6 11. Be3 Nf5 12. O-O-O Na5 13. Bd5 c6 14. Be4 Nxe3 15.
fxe3 d5 16. Bd3 O-O-O 17. Rhg1 g6 18. e4 dxe4 19. fxe4 f6 20. d5 Bb4 21. Ne2 cxd5 22.
exd5 Nb7 23. Nd4 Bc5 24. Rg4 f5 25. Rh4 Rxd5 26. Nc6 a5 27. a3 Kc7 28. Bb5 Be3+ 0-1

[Event "*** Titled Tuesday Blitz"]
[Site "Chess.com"]
[Date "2020.05.05"]
[Round "9"]
[White "Vaathi_Coming"]
[Black "MikhailovViacheslav"]
[Result "0-1"]
[WhiteElo "2841"]
[BlackElo "2674"]
[TimeControl "180+1"]
[EndTime "11:46:45 PDT"]
[Termination "MikhailovViacheslav won by checkmate"]

1. e4 c5 2. Nf3 Nc6 3. Bb5 g6 4.
O-O Bg7 5. Re1 e5 6. b4 cxb4 7. a3 b3 8. cxb3 Nge7 9. Bb2 Nd4 10. Nxd4 exd4 11. b4 O-O 12. d3 d5 13. Nd2 Qb6 14. Ba4 dxe4 15. dxe4 Be6 16. Bb3 Nc6 17. Bxe6 fxe6 18.
Qb3 Ne5 19. Rad1 Rac8 20. h3 Rf7 21. g3 d3 22. Re3 Bh6 23. Nf1 Bxe3 24. Nxe3 Nf3+ 25.
Kg2 Rc2 26. Nxc2 Nh4+ 27. Kh1 Qxf2 28. Rg1 Nf3 29. Bd4 Qh2# 0-1

[Event "*** Titled Tuesday Blitz"]
[Site "Chess.com"]
[Date "2020.05.05"]
[Round "9"]
[White "pgradalski"]
[Black "FMOlexandrProhorov"]
[Result "0-1"]
[WhiteElo "2187"]
[BlackElo "2073"]
[TimeControl "180+1"]
[EndTime "11:46:45 PDT"]
[Termination "FMOlexandrProhorov won on time"]

1. e4 c5 2. c3 e5 3. d4 exd4 4. cxd4 cxd4 5. Nf3 Nc6 6. Nxd4 Nf6 7. Nc3 Bb4 8. Nxc6 bxc6 9. Bd3 d5 10. exd5 Nxd5 11. O-O O-O 12. Ne4 Be7 13. a3 Rb8 14. Qc2 Bd7 15. Nc5 g6 16. Nxd7 Qxd7 17. b4 Bf6 18. Rb1 Rbd8 19. Bb2 Bxb2 20. Rxb2 Nf4 21. Be4 Qd4 22. Bxc6 h5 23. b5 h4 24. Rb4 Qd6 25.
Qe4 Ne6 26. a4 h3 27. gxh3 Ng5 28. Qg2 Qc5 29. Rg4 f6 30. h4 Ne6 31. Rxg6+ Kf7 32. Rh6 Rg8 33. Rh7+ Kf8 0-1

[Event "*** Titled Tuesday Blitz"]
[Site "Chess.com"]
[Date "2020.05.05"]
[Round "9"]
[White "The_Machine04"]
[Black "silverback96"]
[Result "1-0"]
[WhiteElo "2305"]
[BlackElo "2130"]
[TimeControl "180+1"]
[EndTime "11:46:46 PDT"]
[Termination "The_Machine04 won by checkmate"]

1. d4 Nf6 2. Bg5 e6 3. Nd2 d5 4. e3 c5 5. c3 Bd6 6. f4 O-O 7.
Bd3 Be7 8. Ngf3 b6 9. Qe2 a5 10. Bc2 a4 11. a3 Ba6 12. Qf2 Bb5 13.
Bxf6 Bxf6 14. Ne5 Nd7 15. h4 Be7 16. Qf3 Re8 17. Bxh7+ Kxh7 18. Qh5+ Kg8 19. Qxf7+ Kh7 20. Ndf3 Nxe5 21. Ng5+ Kh8 22. Qh5+ Kg8 23. Qh7+ Kf8 24.
Qh8# 1-0